 Dungeon Crawl Stone Soup version 0.26-a0-712-ga5a9c9c9d0 (webtiles) character file.

Game seed: 3936833998295332391

(classic levelgen) 31 EnegeticOcto the Shield-Bearer (level 3, 0/33 HPs)
             Began as a Deep Dwarf Fighter on Nov 3, 2020.
             Slain by an ogre
             ... wielding a +0 giant club
              (24 damage)
             ... on level 4 of the Dungeon.
             The game lasted 00:00:20 (347 turns).

EnegeticOcto the Shield-Bearer (Deep Dwarf Fighter)  Turns: 347, Time: 00:00:21

Health: 0/33       AC:  6    Str: 20    XL:     3   Next: 7%
Magic:  3/3        EV:  7    Int:  8    God:
Gold:   81         SH:  9    Dex: 12    Spells: 2/2 levels left

rFire    . . .     SeeInvis .   a - +0 war axe
rCold    . . .     Faith    .   c - +0 kite shield
rNeg     . . .     Spirit   .   b - +0 scale mail
rPois    .         Reflect  .   (no helmet)
rElec    .         Harm     .   (no cloak)
rCorr    .         Rampage  .   (no gloves)
MR       .....                  (no boots)
Stlth    ..........             (no amulet)
HPRegen  0.00/turn              (no ring)
MPRegen  0.08/turn              (no ring)

@: non-regenerating
A: damage resistance, heal wounds, sense surroundings 1, no regeneration
a: Heal Wounds


You were on level 4 of the Dungeon.
You visited 1 branch of the dungeon, and saw 4 of its levels.

You collected 81 gold pieces.

Inventory:

Hand Weapons
 a - a +0 war axe (weapon)
Armour
 b - a +0 scale mail (worn)
 c - a +0 kite shield (worn)
Scrolls
 e - 2 scrolls of remove curse {unknown}
 g - a scroll of enchant weapon {unknown}
Potions
 d - a potion of might {@q3}
 f - a potion of lignification {unknown}


   Skills:
 + Level 2.9 Fighting
 * Level 3.0 Axes
 + Level 3.5 Armour
 + Level 3.6 Shields


You had 2 spell levels left.
You didn't know any spells.
Your spell library was empty.

Dungeon Overview and Level Annotations

Branches:
Dungeon (3/15)

Altars:
Gozag
Uskayaw

Annotations:
D:4 Grinder


Innate Abilities, Weirdness & Mutations

You are resistant to damage.
You can heal yourself by infusing magical energy.
You passively map a small area around you.
You do not regenerate.


Message History

You fail to use your ability.
* * * LOW HITPOINT WARNING * * *
You feel sick. You block the goblin's attack.
You are too injured to fight recklessly!
You are too injured to fight recklessly!
You are too injured to fight recklessly!
You are too injured to fight recklessly!
You are too injured to fight recklessly!
You are too injured to fight recklessly!
You are too injured to fight recklessly!
You feel much better.
You feel sick. The kobold hits you but does no damage.
You block the goblin's attack.
You barely miss the goblin.
The goblin is moderately wounded.
You hit the kobold but do no damage.
You feel very sick. The kobold closely misses you.
The goblin hits you but does no damage.
You closely miss the goblin.
The goblin is moderately wounded.
You closely miss the kobold.
You feel very sick. The kobold hits you. You block the goblin's attack.
The goblin hits you but does no damage. The kobold hits you but does no damage.
You closely miss the goblin.
The goblin is moderately wounded.
You slash the goblin!
You kill the goblin!
You have reached level 3!
Your experience leads to an increase in your attributes!
Increase (s)trength, (i)ntelligence, or (d)exterity?
You feel stronger.
You miss the kobold. You block the goblin's attack.
The kobold hits you but does no damage. The goblin hits you but does no damage.
You closely miss the goblin.
The goblin is moderately wounded.
You slash the kobold!
You kill the kobold!
The goblin hits you but does no damage.
You slash the goblin!
You kill the goblin!
No target in view!
No target in view!
No target in view!
No target in view!
No target in view!
No target in view!
No target in view!
No target in view!
No target in view!
No target in view!
No target in view!
No target in view!
No target in view!
No target in view!
Things that are here:
a +0 club; a goblin corpse You feel much better.
g - a scroll labeled RILEKO BUGETO A rat comes into view.
Found a scroll labeled LIORRE HEGOR.
A rat is nearby!
A rat is nearby!
A rat is nearby!
The rat bites you but does no damage.
You closely miss the rat. You block the rat's attack.
You hit the rat but do no damage. The rat bites you but does no damage.
The rat bites you.
You closely miss the rat. You block the rat's attack.
You closely miss the rat. You block the rat's attack. x2
You closely miss the rat. The rat bites you.
You hit the rat.
You kill the rat!
No target in view!
No target in view!
No target in view!
e - 2 scrolls labeled LIORRE HEGOR (gained 1)
You are no longer poisoned.
You open the door.
There is an open door here.
You now have 81 gold pieces (gained 12).
Found a quarterstaff.
You fall into a shaft and drop 1 floor!
The shaft crumbles and collapses.
An ogre and Grinder come into view.
Grinder shouts!
The ogre shouts!
You hear an angry hiss.
Found an opulent altar of Gozag.
There are monsters nearby!
There are monsters nearby!
Found a coppery potion.
You slash the ogre!
The ogre is heavily wounded.
You closely miss Grinder. Grinder gestures at you.
Pain shoots through your body! The ogre hits you with a +0 giant club.
Your shield and scale mail prevent you from hitting the ogre.
The ogre is heavily wounded.
You closely miss Grinder. Grinder hits you.
The ogre hits you with a +0 giant club!!
Ouch! That really hurt!
You die...

,, , , , , ,,
..##....., , , * ,
........., *##..
......... ....# *
, ,
,........###.....
#.............# ,
#........#....# ,
* ......O5.#...#*
< #......@...!#
#..##..#..### 8
#.. #####...#
.#...####..#....._
, * ,,
.......#...# #....
, * #.........##
8.. , ,
#.....#.### ..,
....# ### * , ...
* , ,


You could see Grinder and an ogre.

Vanquished Creatures
  An adder (D:2)
  A worm (D:2)
  A dart slug (D:1)
  A giant cockroach (D:2)
  2 goblins (D:3)
  2 hobgoblins
  5 bats
  A frilled lizard (D:2)
  2 kobolds
  3 rats
19 creatures vanquished.

Notes
Turn   | Place    | Note
-------+----------+-------------------------------------------
     0 | D:1      | EnegeticOcto the Deep Dwarf Fighter began the quest for the
                  | Orb.
     0 | D:1      | Reached XP level 1. HP: 20/20 MP: 1/1
    95 | D:1      | Reached XP level 2. HP: 22/27 MP: 2/2
   147 | D:2      | Found a hide-covered altar of Uskayaw.
   296 | D:3      | Reached XP level 3. HP: 24/33 MP: 3/3
   340 | D:3      | You fall into a shaft and drop 1 floor!
   343 | D:4      | Found an opulent altar of Gozag.
   343 | D:4      | Noticed Grinder
   343 | D:4      | Noticed an ogre
   347 | D:4      | Slain by an ogre

Illustrated notes

Levels and vault maps discovered:
D:1:      minmay_arrival_stone_box, layout_loops_ring
D:2:      layout_loops_ring, lemuel_doored_altar
D:3:      layout_basic
D:4:      layout_cave_pools, lemuel_crystal_altar, grunt_gozag_statues,
          serial_shops, nicolae_shop_crystal, minmay_misc_feat_secret_circle,
          uniq_grinder, uniq_pikel

Skill      XL: |  1  2 |
---------------+-------+-----
Axes           | 3 |  3.0
Fighting       | |  2.9
Armour         | |  3.5
Shields        | |  3.6

Action                   || total
-------------------------++-------
Melee: War axe           ||    51
 Abil: Heal Wounds       ||     2
Armor: Scale mail        ||    24
Dodge: Dodged            ||     9
Block: Kite shield       ||    33

Table legend: (Time is in decaauts)
 A = Elapsed time spent in this place.
 B = Non-inter-level travel time spent in this place.
 C = Inter-level travel time spent in this place.
 D = Time resting spent in this place.
 E = Time spent auto-exploring this place.
 F = Levels seen in this place.
 G = Mean time per level.
                   A        B        C        D        E       F      G
               +--------+--------+--------+--------+--------+-----+--------+
         Total |    369 |    330 |     39 |      0 |    192 |   4 |   92.2 |
       Dungeon |    369 |    330 |     39 |      0 |    192 |   4 |   92.2 |
               +--------+--------+--------+--------+--------+-----+--------+

Top non-repeatable levels by time:
     D:2: 155 daAuts
     D:1: 146 daAuts
     D:3: 60 daAuts
     D:4: 7 daAuts
